 Dungeon Crawl Stone Soup version 0.31.0-4-g52a2dc7128 (console) character file.

Game seed: 13756383657120067730

5814 AlterAsc the Mimic (level 10, -2/85 HPs)
             Began as an Octopode Shapeshifter on Jan 21, 2024.
             Was an Elder of Okawaru.
             Slain by an orc knight
             ... wielding a +0 halberd
              (28 damage)
             ... in a bailey.
             The game lasted 00:25:03 (6248 turns).

AlterAsc the Mimic (Octopode Shapeshifter)          Turns: 6248, Time: 00:25:03

Health: -2/85      AC: 13    Str: 28    XL:     10   Next: 79%
Magic:  1/1        EV: 14    Int: 12    God:    Okawaru [****..]
Gold:   1164       SH:  0    Dex: 18    Spells: 9/9 levels left

rFire   . .          .
                       - Unarmed
rCold   . . .        (shield currently unavailable)
rNeg    . . .        (helmet currently unavailable)
rPois   +            l - amulet of regeneration
rElec   .            j - +4 ring of protection
rCorr   .            C - ring of flight
SInv    +            G - ring "Puegimap" {rPois Will+ MP-9 Str+3 Dex+2 SInv}
Will    +....        e - +6 ring of strength
Stlth   ++           (no ring)
HPRegen 1.14/turn    (no ring)
MPRegen 0.07/turn    (no ring)
                     (no ring)

%: no passive effects
@: mighty, snake-form, flying
A: constrict, boosted hp, almost no armour, amphibious, 8 rings, large,
(camouflage 1), (gelatinous body 1), (nimble swimmer 1), (tentacles)
a: Begin Untransformation, Renounce Religion, Heroism, Finesse


You were in a bailey.
You worshipped Okawaru.
Okawaru was greatly pleased with you.
You were an enormous serpent.
You visited 1 branch of the dungeon, and saw 8 of its levels.
You also visited: Bailey.

You collected 1164 gold pieces.

Inventory:

Hand Weapons
 z - a +1 whip of pain
Missiles
 u - 76 stones (quivered)
 B - 6 boomerangs
 H - a curare-tipped dart
 I - 5 poisoned darts
Jewellery
 e - a +6 ring of strength (on tentacle)
 g - an amulet of guardian spirit
 j - a +4 ring of protection (left tentacle)
 l - an amulet of regeneration (around neck)
 C - a ring of flight (right tentacle)
 G - the ring "Puegimap" (on tentacle) {rPois Will+ MP-9 Str+3 Dex+2 SInv}
   (You acquired it on level 7 of the Dungeon)

   [ring of willpower]

   Str+3:     It affects your strength (+3).
   Dex+2:     It affects your dexterity (+2).
   rPois:     It protects you from poison Will+: It increases your willpower.
   MP-9:      It affects your magic capacity (-9).
   SInv:      It lets you see invisible.
Talismans
 b - a beast talisman
 c - a flux talisman
 y - a serpent talisman (active)
 D - a blade talisman
Wands
 m - a wand of mindburst (21)
 A - a wand of iceblast (19)
 L - a wand of polymorph (11)
Scrolls
 d - 3 scrolls of summoning
 i - 2 scrolls of noise
 n - 4 scrolls of vulnerability
 o - a scroll of fog {unknown}
 t - a scroll of amnesia {unknown}
 v - a scroll of blinking {unknown}
 w - a scroll of enchant weapon
 x - 3 scrolls of silence
 J - a scroll of poison {unknown}
Potions
 a - a potion of lignification
 f - 4 potions of heal wounds {unknown}
 h - 2 potions of mutation {unknown}
 k - 3 potions of might
 p - a potion of cancellation {unknown}
 q - 2 potions of degeneration {unknown}
 r - 3 potions of attraction {unknown}
 s - a potion of ambrosia {unknown}
 E - a potion of haste {unknown}
 F - a potion of brilliance {unknown}
 K - a potion of berserk rage {unknown}


   Skills:
 + Level 7.0 Fighting
 + Level 7.2 Dodging
 + Level 7.6 Unarmed Combat
 + Level 10.0 Shapeshifting


You had 9 spell levels left.
You didn't know any spells.
Your spell library contained the following spells:

 Spells                   Type           Power      Damage    Failure   Level
 Slow                     Hex            0%         N/A       32%         1
 Mercury Vapours          Alch/Air       0%         N/A       45%         2
 Confusing Touch          Hex            0%         N/A       69%         3
 Mephitic Cloud           Conj/Alch/Air  0%         N/A       69%         3
 Sigil of Binding         Hex            0%         N/A       69%         3
 Vampiric Draining        Necr           0%         2d6       69%         3
 Passage of Golubria      Tloc           0%         N/A       97%         4
 Freezing Cloud           Conj/Ice/Air   0%         6-21      100%        5
 Silence                  Hex/Air        0%         N/A       100%        5
 Lehudib's Crystal Spear  Conj/Erth      0%         10d2      100%        8
 Malign Gateway           Summ/Tloc      Unusable   N/A       N/A         7
 Summon Horrible Things   Summ           Unusable   N/A       N/A         8

Dungeon Overview and Level Annotations

Branches:
Dungeon (8/15)             Temple (0/1) D:7            Lair (0/5) D:8
 Bailey (1/1)

Altars:
Okawaru
Trog
Wu Jian

Shops:
D:7 !

Annotations:
D:6 Pikel


Innate Abilities, Weirdness & Mutations

You are an enormous serpent.
You have a powerful constriction melee attack.
Your maximum health is increased.
Your armour is entirely melded.
You are incapable of wielding weapons or throwing items.
You cannot wear most types of armour.
You are amphibious.
You can wear up to eight rings at the same time.
((Your skin changes colour to match your surroundings (Stealth+).))
((Your rubbery body absorbs attacks. (AC +1, EV +1)))
((You are camouflaged when in or above water. (Stealth+)))
((You have tentacles for arms and can constrict up to eight enemies at once.))


Message History

You constrict the orc warrior, but do no damage.
The orc warrior misses you. The orc closely misses you.
The orc knight hits you from afar with a +0 glaive!
You release your grip on the orc warrior.
The orc warrior hits you but does no damage.
The orc knight roars a battlecry!
The orcs go into a battle-frenzy!
The orc knight hits you from afar with a +0 halberd!
There is an open gate, spattered with blood here.
The orc warrior hits you but does no damage.
The orc knight roars a battlecry!
The orc warrior hits you with a +0 trident!
You body-slam the orc warrior!!
You kill the orc warrior!
Okawaru accepts your kill. The orc knight misses you.
The orc knight attacks as it pursues you!
The orc knight barely misses you.
There is an open door here.
You hit the orc knight but do no damage.
You grab the orc knight. You constrict the orc knight.
The orc knight hits you with a +0 halberd!
You hit the orc knight but do no damage.
The orc knight is lightly wounded.
You constrict the orc knight. The orc knight completely misses you.
You hit the orc knight.
The orc knight is lightly wounded.
You constrict the orc knight, but do no damage.
The orc knight hits you from afar with a +0 glaive!!
The orc knight barely misses you.
You lash the orc knight!
The orc knight is moderately wounded.
You constrict the orc knight, but do no damage.
You release your grip on the orc knight.
The orc knight hits you from afar with a +0 halberd!
* * * LOW HITPOINT WARNING * * *
Okay, then.
You feel very mighty all of a sudden.
The orc knight hits you from afar with a +0 halberd!!
You die...

#.....≈##.##≈...............≈##.
#.....≈#....................))).
#.....≈##)∩#≈...............≈#∩.
#.....≈≈#)##≈....#######....≈##.
#......≈≈.≈≈≈...##....##....≈≈≈.
#..............##.)...##........
#.............##.o#'''##........
#.............#oo##∩o∩##..##....
#............##o####o####.##....
#............##.')# .o#)'.##....
#............##S### 8.###.##....
#............##.')# .)#.'.##....
#............##.#########.##....
#.............#..##)#)##..#.....
#.............##..#'#'#..##.....
#..............##.......##......
#......≈≈.≈≈≈...#########...≈≈≈)
#.....≈≈#.##≈......###......≈##)
#.....≈##.∩#≈...............≈#∩.
#.....≈#..))....................
#.....≈##.##≈...............≈##.


You could see 2 orc knights and an orc (strong).

Vanquished Creatures
  4 wyverns
  8 yaks
  A steam dragon (D:8)
  4 water moccasins
  11 orc warriors
  3 ice beasts (D:7)
  3 sky beasts
  An ogre (D:5)
  2 centaurs
  4 lemures
  2 kobold brigands (D:6)
  A gnoll sergeant (D:6)
  5 bullfrogs
  3 scorpions
  4 killer bees (D:7)
  A bombardier beetle (D:6)
  3 hounds
  2 orc priests
  2 jellies (D:6)
  5 iguanas
  5 orc wizards
  14 gnolls
  8 adders
  2 ufetubi (D:6)
  2 dart slugs (D:4)
  46 orcs
  7 ball pythons
  3 endoplasms
  2 giant cockroaches
  10 goblins
  6 hobgoblins
  4 quokkas
  6 bats
  2 frilled lizards (D:3)
  9 kobolds
  11 rats
206 creatures vanquished.

Notes
Turn   | Place    | Note
-------+----------+-------------------------------------------
     0 | D:1      | AlterAsc the Octopode Shapeshifter began the quest for the
                  | Orb.
     0 | D:1      | Reached XP level 1. HP: 13/13 MP: 1/1
   136 | D:1      | Reached XP level 2. HP: 13/18 MP: 2/2
   917 | D:2      | Reached XP level 3. HP: 23/23 MP: 3/3
   943 | D:2      | Reached skill level 4 in Shapeshifting
  1381 | D:3      | Reached XP level 4. HP: 28/28 MP: 4/4
  1743 | D:3      | Reached skill level 5 in Shapeshifting
  2116 | D:4      | Identified 3 scrolls of acquirement
  2143 | D:4      | Reached XP level 5. HP: 31/33 MP: 5/5
  2353 | D:4      | Found an ornate altar of the Wu Jian Council.
  2486 | D:4      | Reached skill level 6 in Shapeshifting
  2488 | D:4      | Reached XP level 6. HP: 31/38 MP: 6/6
  2803 | D:5      | Entered Level 5 of the Dungeon
  3052 | D:5      | Reached skill level 7 in Shapeshifting
  3064 | D:5      | Reached XP level 7. HP: 33/43 MP: 7/7
  3590 | D:5      | Reached skill level 8 in Shapeshifting
  3749 | D:6      | Noticed Pikel
  3885 | D:7      | Found Iwobbuf's Distillery.
  3952 | D:6      | Reached XP level 8. HP: 34/48 MP: 8/8
  4011 | D:7      | Reached skill level 9 in Shapeshifting
  4011 | D:7      | Acquired the ring "Puegimap" {rPois Will+ MP-9 Str+3 Dex+2
                  | SInv}
  4027 | D:6      | Found an iron altar of Okawaru.
  4044 | D:6      | Became a worshipper of Warmaster Okawaru
  4066 | D:7      | Acquired 758 gold pieces
  4067 | D:7      | Acquired an amulet of regeneration
  4598 | D:6      | Reached * piety under Okawaru
  4961 | D:7      | Reached XP level 9. HP: 55/55 MP: 0/9
  5097 | D:7      | Found a staircase to the Ecumenical Temple.
  5246 | D:7      | Reached skill level 10 in Shapeshifting
  5279 | D:7      | Found a bloodstained altar of Trog.
  5506 | D:8      | Reached ** piety under Okawaru
  5513 | D:8      | Reached skill level 5 in Unarmed Combat
  5526 | D:8      | Reached skill level 5 in Dodging
  5579 | D:8      | Found a staircase to the Lair.
  5589 | D:7      | Reached skill level 5 in Fighting
  5590 | D:7      | Reached *** piety under Okawaru
  5613 | D:7      | Reached XP level 10. HP: 66/66 MP: 1/10
  5994 | D:8      | Found a flagged portal.
  6018 | Bailey   | Entered a bailey
  6041 | Bailey   | Reached **** piety under Okawaru
  6230 | Bailey   | Noticed an orc knight
  6230 | Bailey   | Noticed an orc knight
  6248 | Bailey   | Slain by an orc knight

Illustrated notes

Levels and vault maps discovered:
D:1:      dpeg_arrival_ratfight, layout_loops_ring
D:2:      layout_basic, minmay_pentomino_t2
D:3:      layout_basic, guppyfry_early_orc_mine
D:4:      layout_basic, pdpol_wu_jian_five_deadly_venoms, supply_closet_lemuel,
          st_stairs_9, chequers_serial_rivers_large_a, grunt_ministairs_11
D:5:      layout_loops_ring
D:6:      layout_cave_pools, kennysheep_okawaru_gauntlet, serial_column_ruins,
          column_ruins_grid_3, column_ruins_grid_1,
          column_ruins_corridor_corner, column_ruins_corridor_plus,
          kennysheep_path_1, uniq_pikel
D:7:      layout_loops_ring, bloody_trog, minmay_temple_entry_hall,
          serial_shops, shop
D:8:      layout_layer_cave, minmay_lair_entry_grove, enter_bailey_2
Bailey:   bailey_polearm_2, bailey

Skill      XL: |  1  2  3  4  5  6  7  8  9 10 |
---------------+-------------------------------+-----
Shapeshifting  | 4 5 6 7 8 9 10 | 10.0
Fighting       | 2 5 7 |  7.0
Dodging        | 3 5 7 |  7.2
Unarmed Combat | 4 6 7 |  7.6

Action                     |  1- 3 |  4- 6 |  7- 9 | 10-12 || total
---------------------------+-------+-------+-------+-------++-------
  Melee: Unarmed           |    49 |   129 |   203 |   116 ||   497
         Tentacles         |    14 |    25 |     1 |       ||    40
         Constrict         |    18 |    30 |    46 |    33 ||   127
         Punch             |     1 |     3 |       |       ||     4
  Evoke: Wand              |       |     2 |       |       ||     2
    Use: Scroll            |       |     4 |     6 |       ||    10
         Potion            |       |     5 |     1 |     1 ||     7
   Stab: Sleeping          |     2 |     6 |     2 |       ||    10
         Distracted        |       |     1 |       |       ||     1
 Armour: Skin              |    10 |    71 |   162 |    75 ||   318
  Dodge: Dodged            |    35 |    80 |   108 |    74 ||   297
   Form: Flux              |       |     1 |       |       ||     1
         Serpent           |       |       |     1 |       ||     1
